 Dungeon Crawl Stone Soup version 0.29-a0-721-g7f417c9bbb (webtiles) character file.

Game seed: 1961275188103734908

122 gobodom the Conjurer (level 4, 0/30 HPs)
             Began as a Demonspawn Conjurer on June 27, 2022.
             Succumbed to a scorpion's poison
             ... on level 4 of the Dungeon on June 28, 2022.
             The game lasted 00:08:45 (2768 turns).

gobodom the Conjurer (Demonspawn Conjurer)          Turns: 2768, Time: 00:08:46

Health: 0/30       AC:  2    Str: 10    XL:     4   Next: 78%
Magic:  0/8        EV: 12    Int: 19    God:
Gold:   166        SH:  0    Dex: 11    Spells: 7/8 levels left

rFire   . . .      SeeInvis .   d - staff of air
rCold   . . .      Faith    .   (no shield)
rNeg    . . .      Spirit   .   a - +0 robe
rPois   .          Reflect  .   (helmet restricted)
rElec   +          Harm     .   (no cloak)
rCorr   .          Rampage  .   (no gloves)
Will    .....                   (no boots)
Stlth   ++........              j - amulet of regeneration
HPRegen 0.90/turn               (no ring)
MPRegen 0.11/turn               (no ring)

@: lethally poisoned (0 -> -5)
A: antennae 1, powered by pain 1
a: no special abilities


You were on level 4 of the Dungeon.
You visited 1 branch of the dungeon, and saw 4 of its levels.

You collected 166 gold pieces.

Inventory:

Hand Weapons
 f - a +2 dagger of venom
Missiles
 m - a throwing net
Armour
 a - a +0 robe (worn)
 e - a +0 helmet
Magical Staves
 d - a staff of air (weapon)
Jewellery
 j - an amulet of regeneration (around neck)
Wands
 p - a wand of charming (8)
Scrolls
 c - 2 scrolls of immolation {unknown}
 g - 2 scrolls of identify {unknown}
 h - a scroll of brand weapon {unknown}
 i - a scroll of magic mapping {unknown}
 k - a scroll of poison {unknown}
 l - a scroll of torment {unknown}
 o - 3 scrolls of noise {unknown}
 r - a scroll of amnesia {unknown}
 u - a scroll of teleportation {unknown}
Potions
 b - a potion of magic
 n - 2 potions of attraction {unknown}
 q - a potion of might {unknown}
 t - a potion of degeneration {unknown}


   Skills:
 + Level 0.2 Fighting
 * Level 1.3 Staves
 + Level 2.2 Dodging
 + Level 1.9 Stealth
 + Level 2.7 Spellcasting
 + Level 4.7 Conjurations
 * Level 1.1 Air Magic
 * Level 0.7 Evocations


You had 7 spell levels left.
You knew the following spells:

 Your Spells              Type           Power      Damage    Failure   Level
a - Magic Dart            Conj           80%        1d7       2%          1

Your spell library contained the following spells:

 Spells                   Type           Power      Damage    Failure   Level
 Searing Ray              Conj           40%        2d5       3%          2
 Dazzling Flash           Conj/Hex       22%        N/A       19%         3
 Fulminant Prism          Conj/Hex       5%         3d7       52%         4
 Iskenderun's Mystic Bla  Conj/Tloc      11%        2d4       52%         4


Dungeon Overview and Level Annotations

Branches:
Dungeon (3/15)             Temple (0/1) D:4

Altars:
Qazlal

Shops:
D:2 (   D:3 =


Innate Abilities, Weirdness & Mutations

You have a pair of small antennae on your head.
You sometimes gain a little power by taking damage.


Message History

You don't have enough magic to cast this spell.
Unknown command.
You hit the scorpion.
The scorpion is almost dead.
You feel sick. The scorpion misses you. The scorpion closely misses you.
You hit the scorpion but do no damage.
The scorpion is severely wounded.
You feel sick. The scorpion stings you.
You are more poisoned.
The scorpion poisons you!
You hit the scorpion but do no damage.
The scorpion is severely wounded.
You feel very sick. The scorpion stings you.
You are lethally poisoned!
The scorpion poisons you!
The scorpion stings you but does no damage.
Your unstable footing causes you to fumble your attack.
* * * LOW HITPOINT WARNING * * *
You feel very sick. The scorpion misses you.
Casting: Magic Dart (safe; 2% risk of failure)
Confirm with . or Enter, or press ? or * to list all spells.
Aiming: Magic Dart (safe; 2% risk of failure)
Press: ? - help, Shift-Dir - straight line, f/p - scorpion
Aim: a scorpion (severely wounded, 100% to hit)
The magic dart hits the scorpion.
The scorpion is almost dead.
* * * LOW HITPOINT WARNING * * *
You feel very sick. The scorpion stings you.
* * * LOW HITPOINT WARNING * * *
Aiming: Charm
Press: ? - help, Q - select action, (/) - cycle Shift-Dir - straight line, f/p - scorpion
Aim: a scorpion (almost dead, chance to affect: 50%)
The scorpion is charmed.
* * * LOW HITPOINT WARNING * * *
You feel sick.
You swap places.
You die...

≈≈ #..≈≈≈..........#.##
≈≈##.≈.≈≈≈..#.####.#...
≈'....≈≈..≈#.# #.####
#.#.≈≈.≈≈≈..# ..
#..≈.≈≈≈≈≈### ..
###≈.≈≈≈≈.# #..≈≈.≈≈#
#...# #.s≈≈≈..# #...#
#≈@≈≈.≈.# #...#
#≈!≈≈...#####...###
#..†≈≈.............
##.≈≈..............
#≈≈≈...........oo.
..≈≈....####g#.###
##≈≈#...##...#.††#
≈####.##.#####.#
#...#....


You could see a friendly scorpion (charmed).

Vanquished Creatures
  An orc priest (D:4)
  3 adders
  2 dart slugs (D:1)
  4 orcs (D:4)
  7 bats
  6 endoplasms
  3 giant cockroaches
  5 goblins
  7 hobgoblins
  2 jackals (D:4)
  A quokka (D:1)
  2 ball pythons
  2 frilled lizards (D:1)
  5 kobolds
  4 rats
54 creatures vanquished.

Notes
Turn   | Place    | Note
-------+----------+-------------------------------------------
     0 | D:1      | gobodom the Demonspawn Conjurer began the quest for the
                  | Orb.
     0 | D:1      | Reached XP level 1. HP: 13/13 MP: 3/3
   449 | D:1      | Gained mutation: You sometimes gain a little power by
                  | taking damage. [demonic ancestry]
   449 | D:1      | Reached XP level 2. HP: 13/19 MP: 0/5
   586 | D:1      | Found a faded altar of an unknown god.
  1152 | D:1      | Reached skill level 1 in Staves
  1152 | D:1      | Reached XP level 3. HP: 24/24 MP: 1/6
  1645 | D:2      | Found Eloumopt's Weapon Shoppe.
  1780 | D:2      | Found a stormy altar of Qazlal.
  2122 | D:3      | Gained mutation: You have a pair of small antennae on your
                  | head. [demonic ancestry]
  2122 | D:3      | Reached XP level 4. HP: 30/30 MP: 0/7
  2245 | D:3      | Found Bikhluy's Jewellery Shop.
  2268 | D:3      | You fall into a shaft and drop 1 floor!
  2284 | D:4      | Found a staircase to the Ecumenical Temple.
  2368 | D:4      | Reached skill level 1 in Air Magic
  2745 | D:4      | Noticed a scorpion
  2768 | D:4      | Succumbed to a scorpion's poison

Illustrated notes

Levels and vault maps discovered:
D:1:      matt_arrival_diagonals, layout_basic,
          shapermc_ecumenical_altar_acropolis, kennysheep_another_room
D:2:      layout_rooms, serial_shops, shop, basic_altar, minmay_pentomino_x2
D:3:      layout_rooms, serial_shops, shop
D:4:      layout_loops_cross, minmay_temple_entry_glass, serial_rivers,
          chequers_serial_rivers_small_3, chequers_serial_rivers_micro_c,
          chequers_serial_rivers_room_b, chequers_serial_rivers_small_b,
          chequers_serial_rivers_micro_b, minmay_misc_feat_alley

Skill      XL: |  1  2  3  4 |
---------------+-------------+-----
Staves         | 1 |  1.3
Dodging        | 2 |  2.2
Air Magic      | 1 |  1.1
Fighting       | |  0.2
Stealth        | |  1.9
Spellcasting   | |  2.7
Conjurations   | |  4.7
Evocations     | |  0.7

Action                   |  1- 3 |  4- 6 || total
-------------------------+-------+-------++-------
Melee: Staff             |    30 |    47 ||    77
 Cast: Magic Dart        |    71 |    41 ||   112
Evoke: Wand              |       |     1 ||     1
  Use: Potion            |       |     1 ||     1
Armor: Robe              |    21 |    11 ||    32
Dodge: Dodged            |    35 |    44 ||    79

Table legend: (Time is in decaauts)
 A = Elapsed time spent in this place.
 B = Non-inter-level travel time spent in this place.
 C = Inter-level travel time spent in this place.
 D = Time resting spent in this place.
 E = Time spent auto-exploring this place.
 F = Levels seen in this place.
 G = Mean time per level.
                   A        B        C        D        E       F      G
               +--------+--------+--------+--------+--------+-----+--------+
         Total |   2781 |   2781 |      0 |    129 |   2059 |   4 |  695.2 |
       Dungeon |   2781 |   2781 |      0 |    129 |   2059 |   4 |  695.2 |
               +--------+--------+--------+--------+--------+-----+--------+

Top non-repeatable levels by time:
     D:1: 1379 daAuts
     D:2: 605 daAuts
     D:4: 509 daAuts
     D:3: 287 daAuts
